 Dungeon Crawl Stone Soup version 0.28.0-53-g5a82cb258f (webtiles) character file.

Game seed: 7954321338681784358

569 mcbry74 the Spear-Bearer (level 7, -1/50 HPs)
             Began as a Merfolk Gladiator on June 26, 2022.
             Killed by nerve-wracking pain
             ... invoked by Grinder
              (2 damage)
             ... on level 5 of the Dungeon.
             The game lasted 00:16:07 (4884 turns).

mcbry74 the Spear-Bearer (Merfolk Gladiator)        Turns: 4884, Time: 00:16:07

Health: -1/50      AC:  5    Str: 14    XL:     7   Next: 33%
Magic:  7/7        EV: 13    Int:  9    God:
Gold:   169        SH:  0    Dex: 16    Spells: 6/6 levels left

rFire   . . .      SeeInvis .   a - +0 trident
rCold   . . .      Faith    .   (no shield)
rNeg    . . .      Spirit   .   b - +0 leather armour
rPois   .          Reflect  .   c - +1 helmet
rElec   .          Harm     .   (no cloak)
rCorr   .          Rampage  .   (no gloves)
Will    .....                   (no boots)
Stlth   +.........              (no amulet)
HPRegen 0.16/turn               (no ring)
MPRegen 0.10/turn               (no ring)

@: about to teleport
A: (nimble swimmer 2), mertail
a: no special abilities


You were on level 5 of the Dungeon.
You visited 1 branch of the dungeon, and saw 5 of its levels.

You collected 169 gold pieces.

Inventory:

Hand Weapons
 a - a +0 trident (weapon)
 o - a +0 club
Missiles
 d - 3 throwing nets
 k - 142 stones (quivered)
 p - 2 poisoned darts
Armour
 b - a +0 leather armour (worn)
 c - a +1 helmet (worn)
Jewellery
 h - an amulet of faith
 j - a +4 ring of evasion
Scrolls
 f - a scroll of enchant armour
 m - 2 scrolls of identify
 r - 2 scrolls of amnesia
 s - a scroll of magic mapping {unknown}
 t - a scroll of fear {unknown}
Potions
 e - 3 potions of heal wounds
 g - a potion of attraction
 i - a potion of resistance
 l - a potion of lignification
 q - 2 potions of flight {unknown}


   Skills:
 - Level 2.1 Fighting
 + Level 11.7 Polearms
 - Level 2.0 Throwing
 - Level 4.0 Dodging


You had 6 spell levels left.
You didn't know any spells.
Your spell library contained the following spells:

 Spells                   Type           Power      Damage    Failure   Level
 Animate Skeleton         Necr           0%         N/A       45%         1
 Pain                     Necr           0%         1d4       45%         1
 Ozocubu's Armour         Ice            0%         N/A       83%         3
 Vampiric Draining        Necr           0%         2d6       83%         3
 Metabolic Englaciation   Hex/Ice        0%         N/A       100%        5
 Simulacrum               Ice/Necr       0%         N/A       100%        6


Dungeon Overview and Level Annotations

Branches:
Dungeon (5/15)
 Temple: D:4-7

Altars:
Sif Muna

Shops:
D:2 ==

Annotations:
D:3 Terence
D:4 3 runed translucent doors, IjonTichy1's ghost, amateur GnWn
D:5 Grinder


Innate Abilities, Weirdness & Mutations

((You are very nimble when in or above water. (Stealth+, EV+, Speed+++)))
Your lower body shifts to a powerful aquatic tail in water.


Message History

The arrow hits you!
The centaur shoots an arrow.
The arrow closely misses you.
The centaur shoots an arrow.
The arrow hits you!
You hear a zap.
You hear a grinding noise.
You reach to attack!
You puncture the centaur!
The centaur is moderately wounded.
The centaur shoots an arrow.
The arrow hits you!
* * * LOW HITPOINT WARNING * * *
You are too injured to fight recklessly!
You are too injured to fight recklessly!
You are too injured to fight recklessly!
Reach: a) +0 trident
Press: ? - help, Dir - move target, f/p - centaur
Aim: a centaur, wielding a +0 shortbow and quivering arrows (moderately wounded, about 25% to evade your +0 trident)
You reach to attack!
You barely miss the centaur.
The centaur is moderately wounded.
The centaur shoots an arrow.
The arrow closely misses you.
The centaur unwields a +0 shortbow.
The centaur hits you.
* * * LOW HITPOINT WARNING * * *
The centaur barely misses you. Grinder gestures at you.
You struggle to resist.
The centaur hits you but does no damage.
The centaur kicks you but does no damage.
As you read the scroll of teleportation, it crumbles to dust.
You feel strangely unstable. The centaur closely misses you.
The centaur kicks you but does no damage.
An ogre comes into view. It is wielding a +0 giant club.
You barely miss the centaur.
The centaur is moderately wounded.
The ogre shouts!
The centaur hits you.
* * * LOW HITPOINT WARNING * * *
The centaur kicks you but does no damage.
The centaur wields a +0 shortbow.
The centaur shoots an arrow.
The arrow hits you!
* * * LOW HITPOINT WARNING * * *
Grinder gestures at you. Pain shoots through your body!
You die...

#....'...#.....#
#....#...#.....#
#....#...#.....#
#...###..##.######
#...###.>##.####.##
#.................#
#.................#
#.................#
#.............[@..# ###
#....###....##...#########...#
#....###....##..c5.......#...#
#<..........#.............#
#...........#.....#.......#
#...........#.....#.......#
###+####....##.....#.O.'.##
#....######## o...# ......
......


You could see Grinder, an ogre, a centaur and an orc (wandering).

Vanquished Creatures
  A necrophage (D:4)
  An ogre (D:4)
  A wyvern skeleton (D:4)
  An orc priest (D:4)
  Natasha (D:3)
  An iguana (D:4)
  A hound skeleton (D:4)
  4 gnolls (D:3)
  10 adders
  3 worms
  A dart slug (D:1)
  13 orcs
  8 endoplasms
  7 giant cockroaches
  10 goblins
  9 hobgoblins
  8 jackals
  2 quokkas
  5 ball pythons
  6 bats
  4 frilled lizards
  10 kobolds
  5 rats
112 creatures vanquished.

Vanquished Creatures (others)
  3 plants (D:1)
3 creatures vanquished.

Grand Total: 115 creatures vanquished

Notes
Turn   | Place    | Note
-------+----------+-------------------------------------------
     0 | D:1      | mcbry74 the Merfolk Gladiator began the quest for the Orb.
     0 | D:1      | Reached XP level 1. HP: 16/16 MP: 1/1
   340 | D:1      | Reached skill level 5 in Polearms
   444 | D:1      | Reached XP level 2. HP: 22/22 MP: 2/2
   581 | D:1      | Found a faded altar of an unknown god.
   866 | D:1      | Reached skill level 6 in Polearms
   866 | D:1      | Reached XP level 3. HP: 27/27 MP: 3/3
  1404 | D:2      | Reached XP level 4. HP: 33/33 MP: 4/4
  1460 | D:2      | Reached skill level 7 in Polearms
  1718 | D:2      | Found Xyn Guuk's One-of-a-Kind Rings.
  1798 | D:2      | Found a shimmering blue altar of Sif Muna.
  2057 | D:2      | Reached skill level 8 in Polearms
  2057 | D:2      | Reached XP level 5. HP: 31/38 MP: 5/5
  2109 | D:2      | Found Lodun's Jewellery Shop.
  2881 | D:3      | Noticed Terence
  2981 | D:3      | Noticed Natasha
  3016 | D:3      | Killed Natasha
  3129 | D:3      | Reached skill level 9 in Polearms
  3376 | D:3      | Reached XP level 6. HP: 44/44 MP: 6/6
  3604 | D:3      | You fall into a shaft and drop 1 floor!
  3771 | D:4      | Noticed a necrophage
  3786 | D:4      | Killed a necrophage
  3787 | D:4      | Reached skill level 10 in Polearms
  4042 | D:4      | Reached skill level 11 in Polearms
  4042 | D:4      | Reached XP level 7. HP: 50/50 MP: 7/7
  4052 | D:4      | Found a runed translucent gate.
  4054 | D:4      | Found a runed translucent gate.
  4054 | D:4      | Found a runed translucent gate.
  4244 | D:4      | Noticed IjonTichy1's ghost (amateur GnWn)
  4792 | D:5      | Entered Level 5 of the Dungeon
  4867 | D:5      | Noticed Grinder
  4884 | D:5      | HP: 1/50 [centaur/arrow (8)]
  4884 | D:5      | Killed from afar by Grinder

Illustrated notes

Levels and vault maps discovered:
D:1:      eino_arrival_tree_alley, layout_basic,
          dreamdust_ecumenical_altar_angels_and_demons
D:2:      layout_rooms, basic_altar, serial_shops, shop,
          nicolae_shop_unique_rings, dk_noncrumbling_4
D:3:      layout_basic, minmay_guardbox, uniq_terence, uniq_natasha
D:4:      layout_basic, ebering_ghost_rock_garden
D:5:      layout_gridville, nicolae_elevator_lobby_asterisk, uniq_grinder,
          uniq_crazy_yiuf_cottage

Skill      XL: |  1  2  3  4  5  6 |
---------------+-------------------+-----
Polearms       | 5 6 8 9 11 | 11.7
Fighting       | |  2.1
Throwing       | |  2.0
Dodging        | |  4.0

Action                   |  1- 3 |  4- 6 |  7- 9 || total
-------------------------+-------+-------+-------++-------
Melee: Trident           |   133 |   240 |    45 ||   418
       Punch             |       |     2 |       ||     2
Throw: Stone             |       |    20 |    20 ||    40
       Dart              |       |     4 |       ||     4
  Use: Scroll            |       |     2 |     7 ||     9
 Stab: Sleeping          |     1 |     1 |       ||     2
Armor: Leather armour    |    27 |    34 |     7 ||    68
Dodge: Dodged            |    67 |   100 |    15 ||   182
